 Dungeon Crawl Stone Soup version 0.25-a0-589-g1e14c549ee (webtiles) character file.

Game seed: 10652388418080070268, levelgen mode: deterministic

2243 ReteAZ the Magician (level 9, -6/57 HPs)
             Began as a Mummy Wizard on Mar 13, 2020.
             Was an Initiate of Gozag.
             Killed from afar by an orc wizard (12 damage)
             ... with a puff of flame
             ... on level 8 of the Dungeon.
             The game lasted 00:26:29 (10241 turns).

ReteAZ the Magician (Mummy Wizard)                 Turns: 10241, Time: 00:26:29

Health: -6/57      AC: 11    Str: 11    XL:     9   Next: 14%
Magic:  14/18      EV: 12    Int: 20    God:    Gozag
Gold:   939        SH:  0    Dex: 10    Spells: 14/20 levels left

rFire    x . .     SeeInvis .   s - +2 dagger (venom)
rCold    + + .     Gourm    .   (no shield)
rNeg     + + +     Faith    .   a - +0 robe
rPois    ∞         Spirit   .   r - +1 helmet
rElec    .         Reflect  .   w - +0 cloak
rCorr    .         Harm     .   q - +0 pair of gloves
MR       +....                  x - +0 pair of boots
Stlth    ++........             (no amulet)
HPRegen  0.19/turn              y - +4 ring of protection
MPRegen  0.16/turn              D - ring of protection from cold

@: gold aura
A: no food or potions, fire vulnerability, cold resistance 1, negative energy
resistance 3, torment resistance, unbreathing
a: Potion Petition, Call Merchant, Bribe Branch, Renounce Religion


You were on level 8 of the Dungeon.
You worshipped Gozag.
Gozag was pleased with you.
You were not hungry.

You visited 2 branches of the dungeon, and saw 9 of its levels.

You collected 1051 gold pieces.
You paid 112 gold pieces to Gozag.

Inventory:

Hand Weapons
 f - a +0 short sword
 i - a +2 dagger of speed
 s - a +2 dagger of venom (weapon)
Missiles
 e - 239 stones
 o - 43 poisoned darts
 t - 7 silver javelins (quivered)
Armour
 a - a +0 robe (worn)
 q - a +0 pair of gloves (worn)
 r - a +1 helmet (worn)
 w - a +0 cloak (worn)
 x - a +0 pair of boots (worn)
Magical Staves
 z - an uncursed staff of wizardry
Jewellery
 p - an uncursed ring of see invisible
 y - a +4 ring of protection (left hand)
 D - a ring of protection from cold (right hand)
Wands
 F - a wand of paralysis (12)
 G - a wand of iceblast (5)
 H - a wand of polymorph (5)
 J - a wand of flame (12)
Scrolls
 c - 3 scrolls of immolation
 d - a scroll of magic mapping
 g - 2 scrolls of random uselessness {unknown}
 h - 3 scrolls of identify
 k - 5 scrolls of teleportation
 l - a scroll of noise {unknown}
 m - 2 scrolls of remove curse
 n - 4 scrolls of amnesia {unknown}
 u - 4 scrolls of enchant armour {unknown}
 v - a scroll of fog {unknown}
 A - 5 scrolls of fear
 B - 3 scrolls of enchant weapon {unknown}
 C - a scroll of blinking {unknown}
 I - a scroll of silence {unknown}


   Skills:
 - Level 1.5 Dodging
 - Level 1.5 Stealth
 - Level 6.0 Spellcasting
 - Level 6.0 Conjurations
 + Level 4.5 Summonings
   Level 0.7 Translocations
 + Level 4.0 Air Magic
 + Level 4.0 Poison Magic


You had 14 spell levels left.
You knew the following spells:

 Your Spells              Type           Power        Failure   Level  Hunger
a - Magic Dart            Conj           ####         1%          1    N/A
b - Call Imp              Summ           ###.....     2%          2    N/A
c - Mephitic Cloud        Conj/Pois/Air  ###.....     4%          3    N/A

Your spell library contained the following spells:

 Spells                   Type           Power        Failure   Level  Hunger
 Conjure Flame            Conj/Fire      ###.....     9%          3    N/A
 Dazzling Flash           Conj/Hex       ###...       9%          3    N/A
 Corona                   Hex            #......      11%         1    N/A
 Blink                    Tloc           N/A          12%         2    N/A
 Ensorcelled Hibernation  Hex/Ice        #.....       16%         2    N/A
 Slow                     Hex            #.......     16%         2    N/A
 Confusing Touch          Hex            #.......     30%         3    N/A
 Tukima's Dance           Hex            #.......     30%         3    N/A

Dungeon Overview and Level Annotations

Branches:
Dungeon (8/15)             Temple (1/1) D:5            Lair (0/6) D:8

Altars:
Ashenzari
Cheibriados
Fedhas
Gozag
Kikubaaqudgha
Makhleb
Nemelex Xobeh
Okawaru
Ru
Sif Muna
Trog
Uskayaw
Vehumet
Wu Jian
Xom
Yredelemnul
Zin
The Shining One

Annotations:
D:8 Grum


Innate Abilities, Weirdness & Mutations

You do not eat or drink.
Your flesh is vulnerable to fire.
You are immune to poison.
Your flesh is cold resistant. (rC+)
You are immune to negative energy. (rN+++)
You are immune to unholy pain and torment.
You can survive without breathing.


Message History

You hit something.
You hear some strange, mumbled words.
A magic dart appears from out of thin air!
The magic dart hits you but does no damage.
You barely miss something. Something hits you but does no damage.
You hit something. Something completely misses you.
You miss something.
You hear some strange, mumbled words.
A puff of flame appears from out of thin air!
The puff of flame hits you! The fire burns you terribly!
You miss something.
You hear some strange, mumbled words.
A puff of flame appears from out of thin air!
The puff of flame hits you! The fire burns you terribly!
* * * LOW HITPOINT WARNING * * *
You hear some strange, mumbled words.
A puff of flame appears from out of thin air!
The puff of flame hits you! The fire burns you terribly!
You die...
Your body crumbles into a pile of gold.

*,*****,,,,,,,*,,$,,,,,,*,,,,_
**,**,,**,,,$,**********,,,*,,,
*,,**,,***,,,*### ***,,,,,
*,***,** **,,,..# *,*,⌠, *,*
*,* ****#.# ********,,,,, *,*
*,* #.# *,,,,,,>,*,,, *,* *,*
#.# *,******,,,,, *,* *,*
#####.###.###*******, *,* *,*
#...@5$......,,,,,,,, *,* *,*
#.###.###.###*******, *,*
#.#####.# #.# *,* *, *,*
#...<)[o#*#.#**,* ** *,*
#.#............,* *,*
*,#.#######.###**
**,***...,,,,,,..#
*,,,.....******### **,*#####*


You could see a friendly white imp.

Vanquished Creatures
  An orc warrior (D:8)
  An ice beast (D:6)
  A sky beast (D:5)
  A wolf (D:7)
  3 ogres (D:5)
  2 centaurs
  2 bullfrogs (D:7)
  2 scorpions
  A howler monkey (D:5)
  2 crimson imps (D:6)
  3 hounds
  A bullfrog zombie (D:5)
  A jelly (D:5)
  An orc priest (D:5)
  2 orc wizards
  A bullfrog skeleton (D:6)
  Terence (D:3)
  3 worker ants (D:5)
  2 hound skeletons
  A worker ant zombie (D:6)
  5 gnolls
  5 adders
  5 shadow imps
  An adder skeleton (D:6)
  5 worms
  4 dart slugs
  11 leopard geckos
  22 orcs
  8 giant cockroaches
  4 goblins
  11 hobgoblins
  7 jackals
  8 kobolds
  2 quokkas
  A ball python (D:5)
  11 bats
  5 frilled lizards
  A leopard gecko zombie (D:5)
  4 rats
152 creatures vanquished.

Vanquished Creatures (collateral kills)
  A steam dragon (D:5)
  A black bear (D:7)
  A centaur (D:7)
  An ogre (D:7)
  A crocodile (D:5)
  A big kobold (D:7)
  A bullfrog (D:7)
  A scorpion (D:6)
  2 crimson imps (D:5)
  A bullfrog zombie (D:7)
  A jelly (D:7)
  An orc priest (D:3)
  2 iguanas (D:7)
  An adder skeleton (D:3)
  A worm (D:3)
  9 orcs
  A bat (D:3)
  2 jackals
  5 kobolds (D:7)
  A rat (D:3)
35 creatures vanquished.

Vanquished Creatures (others)
  A plant (D:8)
1 creature vanquished.

Grand Total: 188 creatures vanquished

Notes
Turn   | Place    | Note
-------+----------+-------------------------------------------
     0 | D:1      | ReteAZ the Mummy Wizard began the quest for the Orb.
     0 | D:1      | Reached XP level 1. HP: 13/13 MP: 5/5
   140 | D:1      | Reached skill level 1 in Conjurations
   682 | D:1      | Reached XP level 2. HP: 19/19 MP: 4/7
  1106 | D:1      | Learned a level 2 spell: Call Imp
  1475 | D:1      | Reached XP level 3. HP: 24/24 MP: 6/8
  1736 | D:1      | Reached skill level 1 in Summonings
  2267 | D:2      | Reached XP level 4. HP: 30/30 MP: 4/10
  3285 | D:3      | Noticed Terence
  3444 | D:3      | Found a snail-covered altar of Cheibriados.
  3539 | D:3      | Found a blossoming altar of Fedhas.
  3767 | D:3      | Reached skill level 5 in Spellcasting
  3888 | D:3      | Killed Terence
  3888 | D:3      | Reached XP level 5. HP: 34/35 MP: 7/12
  4936 | D:4      | Found a shattered altar of Ashenzari.
  5590 | D:5      | Entered Level 5 of the Dungeon
  5749 | D:5      | Found a staircase to the Ecumenical Temple.
  5756 | Temple   | Entered the Ecumenical Temple
  5816 | Temple   | Became a worshipper of Gozag Ym Sagoz the Greedy
  5903 | D:5      | Reached XP level 6. HP: 39/41 MP: 11/14
  5977 | D:5      | Learned a level 3 spell: Mephitic Cloud
  6253 | D:5      | Reached XP level 7. HP: 30/46 MP: 10/16
  6631 | D:5      | Reached skill level 1 in Air Magic
  6860 | D:5      | Reached skill level 1 in Poison Magic
  6978 | D:5      | Noticed a steam dragon
  6987 | D:5      | Killed a steam dragon
  6987 | D:5      | Reached skill level 5 in Conjurations
  7332 | D:5      | Reached XP level 8. HP: 52/52 MP: 12/17
  9767 | D:7      | Reached XP level 9. HP: 51/57 MP: 15/18
  9997 | D:8      | Noticed Grum
 10241 | D:8      | Killed from afar by an orc wizard

Levels and vault maps discovered:
D:1:      evilmike_arrival_crescent, layout_loops_cross
D:2:      layout_basic, serial_rivers, chequers_serial_rivers_small_b,
          chequers_serial_rivers_small_a, chequers_serial_rivers_large_a,
          chequers_serial_rivers_room_b, chequers_serial_rivers_small_a,
          serial_park_tiny_2
D:3:      layout_loops_ring, fedhas_ov_isle_minmay, first_ration,
          kennysheep_donut, kennysheep_slug_shrine, uniq_terence
D:4:      layout_loops_ring, evilmike_ruin_ashenzari, kennysheep_generic_room_14
D:5:      kennysheep_windowed_halls, layout_basic, minmay_temple_entry_arrows
D:6:      layout_loops_corners, minivault_11
D:7:      layout_basic
D:8:      layout_loops_ring, lemuel_round_altar, elyvilon_altar_5,
          david_lair_generic, enter_ossuary_4, blue_anna_alchemist
          [blue_anna_fruit_fields, blue_anna_fruit_fields], uniq_grum
Temple:   nicolae_temple_elliptical

Skill      XL: |  1  2  3  4  5  6  7  8  9 |
---------------+----------------------------+-----
Conjurations   | 1 2 3 4 5 6 |  6.0
Summonings     | 1 2 3 4 |  4.5
Spellcasting   | 5 6 |  6.0
Air Magic      | 2 3 4 |  4.0
Poison Magic   | 2 3 4 |  4.0
Dodging        | |  1.5
Stealth        | |  1.5
Translocations | |  0.7

Action                   |  1- 3 |  4- 6 |  7- 9 || total
-------------------------+-------+-------+-------++-------
Melee: Short sword       |    14 |       |       ||    14
       Unarmed           |    11 |       |       ||    11
       Dagger            |    42 |   102 |   211 ||   355
Throw: Dart              |     5 |       |       ||     5
       Javelin           |       |       |     3 ||     3
 Cast: Magic Dart        |   107 |   125 |    99 ||   331
       Call Imp          |     2 |    25 |    37 ||    64
       Mephitic Cloud    |       |       |     6 ||     6
  Use: Scroll            |       |       |     6 ||     6
 Stab: Distracted        |       |     2 |     1 ||     3
       Confused          |       |       |     2 ||     2
Armor: Robe              |     5 |    41 |    74 ||   120
Dodge: Dodged            |    49 |    74 |   140 ||   263

Table legend:
 A = Non-vault XP
 B = Vault XP
 C = Vault XP percentage of total XP
 D = Non-vault monster count
 E = Vault monster count
 F = Vault count percentage of total count
                 A         B        C        D         E       F
            +---------+---------+-------+---------+---------+-------
      Total |    2543 |     662 |  20.7 |     172 |      15 |   8.0
            +---------+---------+-------+---------+---------+-------
        D:1 |      51 |       0 |   0.0 |      28 |       0 |   0.0
        D:2 |      70 |       0 |   0.0 |      21 |       0 |   0.0
        D:3 |     138 |      27 |  16.4 |      45 |       2 |   4.3
        D:4 |      61 |      14 |  18.7 |       2 |       1 |  33.3
        D:5 |     644 |     507 |  44.0 |      24 |      11 |  31.4
        D:6 |     459 |       0 |   0.0 |      16 |       0 |   0.0
        D:7 |     983 |     114 |  10.4 |      32 |       1 |   3.0
        D:8 |     137 |       0 |   0.0 |       4 |       0 |   0.0
            +---------+---------+-------+---------+---------+-------
